 Dungeon Crawl Stone Soup version 0.31-a0-1008-g5b978dac0e (webtiles) character file.

Game seed: 6435414788314377242

8274 Dirtsage the Mimic (level 11, -2/78 HPs)
             Began as an Octopode Shapeshifter on Nov 12, 2023.
             Was an Initiate of Gozag.
             Slain by a komodo dragon (26 damage)
             ... on level 10 of the Dungeon.
             The game lasted 00:23:08 (11385 turns).

Dirtsage the Mimic (Octopode Shapeshifter)         Turns: 11385, Time: 00:23:09

Health: -2/78      AC:  1    Str: 13    XL:     11   Next: 28%
Magic:  11/11      EV: 13    Int: 12    God:    Gozag
Gold:   722        SH:  0    Dex: 17    Spells: 10/10 levels left

rFire   . .          .
                       - Unarmed
rCold   + . .        (no shield)
rNeg    . . .        (helmet currently unavailable)
rPois   +            (no amulet)
rElec   .            I - ring of protection from cold
rCorr   .            S - ring of see invisible
SInv    +            y - ring of willpower
Will    +....        P - ring of poison resistance
Stlth   +++          (no ring)
HPRegen 0.33/turn    (no ring)
MPRegen 0.12/turn    (no ring)
                     (no ring)

%: no passive effects
@: beast-form
A: beast (slay +4), almost no armour, amphibious, 8 rings, camouflage 1,
gelatinous body 1, (nimble swimmer 1), tentacles
a: Begin Untransformation, Renounce Religion, Potion Petition, Call Merchant,
Bribe Branch


You were on level 10 of the Dungeon.
You worshipped Gozag.
Gozag was pleased with you.
You were a hulking beast.
You visited 1 branch of the dungeon, and saw 10 of its levels.

You collected 948 gold pieces.
You spent 98 gold pieces at shops.
You paid 128 gold pieces to Gozag.

Inventory:

Armour
 G - a +2 hat of stealth
Magical Staves
 k - a staff of poison
Jewellery
 e - an amulet of faith
 y - a ring of willpower (on tentacle)
 I - a ring of protection from cold (left tentacle)
 P - a ring of poison resistance (on tentacle)
 S - a ring of see invisible (right tentacle)
Talismans
 b - a beast talisman
 c - a flux talisman
Wands
 a - a wand of polymorph (13)
 v - a wand of charming (2)
 D - a wand of flame (8) (quivered)
Scrolls
 g - a scroll of fear
 i - a scroll of identify
 j - a scroll of brand weapon {unknown}
 m - a scroll of butterflies {unknown}
 p - a scroll of enchant armour
 s - 3 scrolls of noise
 t - 5 scrolls of teleportation
 u - a scroll of poison {unknown}
 x - 2 scrolls of amnesia
 C - a scroll of fog {unknown}
 E - a scroll of acquirement {unknown}
 F - a scroll of immolation {unknown}
Potions
 d - a potion of might
 f - a potion of enlightenment {unknown}
 h - a potion of haste
 l - 2 potions of heal wounds
 n - a potion of cancellation {unknown}
 o - 2 potions of attraction
 q - 3 potions of curing
 r - 3 potions of resistance {unknown}
 w - a potion of magic {unknown}
 z - a potion of degeneration {unknown}
 A - a potion of berserk rage {unknown}
 B - a potion of ambrosia {unknown}


   Skills:
 + Level 8.7 Fighting
 - Level 2.0 Dodging
 + Level 9.2 Unarmed Combat
 * Level 11.6 Shapeshifting


You had 10 spell levels left.
You didn't know any spells.
Your spell library contained the following spells:

 Spells                   Type           Power      Damage    Failure   Level
 Apportation              Tloc           0%         N/A       32%         1
 Necrotise                Necr           0%         1d4       32%         1
 Summon Small Mammal      Summ           0%         N/A       32%         1
 Ensorcelled Hibernation  Hex/Ice        0%         N/A       45%         2
 Passwall                 Tmut/Erth      0%         N/A       45%         2
 Swiftness                Air            0%         N/A       69%         3


Dungeon Overview and Level Annotations

Branches:
Dungeon (10/15)            Temple (0/1) D:7
   Lair: D:8-11         Orc: D:9-12

Altars:
Dithmenos
Elyvilon
Fedhas
Gozag
Hepliaklqana
Kikubaaqudgha
Makhleb
Okawaru
Ru
Sif Muna
Vehumet
Wu Jian
Xom
Yredelemnul
Zin
The Shining One

Shops:
D:3 :((!   D:10 **=

Annotations:
D:6 2 runed translucent doors


Innate Abilities, Weirdness & Mutations

You are a hulking beast.
Your limbs bulge with bestial killing power. (Slay +4)
You cannot wear most types of armour.
You are amphibious.
You can wear up to eight rings at the same time.
Your skin changes colour to match your surroundings (Stealth+).
Your rubbery body absorbs attacks. (AC +1, EV +1)
((You are camouflaged when in or above water. (Stealth+)))
You have tentacles for arms and can constrict up to eight enemies at once.


Message History

Found Ityxio's Jewellery Boutique.
Health restored: 78 You drop a scroll of identify.
i - a scroll of identify
Okay, then.
Aiming: Throw Flame
Press: ? - help, Q - select action, (/) - cycle Shift-Dir - straight line, f - komodo dragon
Aim: a komodo dragon (77% to hit)
The puff of flame hits the komodo dragon but does no damage.
You barely miss the komodo dragon.
You tentacle-slap the komodo dragon but do no damage.
You squeeze the komodo dragon, but do no damage.
The komodo dragon bites you!
You take 9 damage, and have 69/78 hp.
You closely miss the komodo dragon. The komodo dragon bites you!!
You take 26 damage, and have 43/78 hp.
MASSIVE DAMAGE!!
You closely miss the komodo dragon. You squeeze the komodo dragon.
The komodo dragon is lightly wounded.
The komodo dragon bites you!
You take 12 damage, and have 31/78 hp.
You tentacle-slap the komodo dragon. You tentacle-slap the komodo dragon!
You squeeze the komodo dragon, but do no damage.
The komodo dragon is moderately wounded.
The komodo dragon bites you!
* * * LOW HITPOINT WARNING * * *
You take 9 damage, and have 22/78 hp.
You tentacle-slap the komodo dragon.
The komodo dragon is moderately wounded.
The komodo dragon closely misses you.
You barely miss the komodo dragon. You tentacle-slap the komodo dragon.
The komodo dragon is moderately wounded.
You barely miss the komodo dragon.
You tentacle-slap the komodo dragon, but do no damage.
The komodo dragon is moderately wounded.
The komodo dragon closely misses you.
You tentacle-slap the komodo dragon.
The komodo dragon is moderately wounded.
The komodo dragon bites you!!
You die...
Your body crumbles into a pile of gold.

#.# #.#
########.#
.........#
.........#
#######..#
########..#
..........#
########h.#
#l.# .).#
≈#..#
.≈...# ≈.
#..# #≈∩
#..# #≈
#..# #..#


You could see a komodo dragon.

Vanquished Creatures
  Gastronok (D:9)
  Josephine (D:10)
  A deep elf pyromancer (D:8)
  Jeremiah (D:6)
  A vampire (D:9)
  3 wraiths (D:10)
  9 yaks
  Grum (D:10)
  2 water moccasins (D:6)
  Duvessa (D:4)
  2 ice beasts
  4 orc warriors
  3 sky beasts
  3 wolves
  2 ogres
  A centaur (D:9)
  A kobold brigand (D:9)
  3 bullfrogs
  A gnoll sergeant (D:10)
  3 scorpions
  17 wights
  Dowan (D:4)
  3 killer bees (D:9)
  A howler monkey (D:8)
  2 hounds
  4 orc priests
  A gnoll bouda (D:5)
  Jessica (D:2)
  3 iguanas
  A sleepcap (D:6)
  Natasha (D:2)
  5 orc wizards
  Robin (D:4)
  6 gnolls
  11 adders
  2 shadow imps
  2 ufetubi (D:6)
  2 dart slugs
  35 orcs
  3 endoplasms
  3 giant cockroaches
  9 hobgoblins
  2 jackals (D:5)
  2 quokkas
  7 ball pythons
  6 bats
  4 frilled lizards
  10 goblins
  8 kobolds
  4 rats
201 creatures vanquished.

Notes
Turn   | Place    | Note
-------+----------+-------------------------------------------
     0 | D:1      | Dirtsage the Octopode Shapeshifter began the quest for the
                  | Orb.
     0 | D:1      | Reached XP level 1. HP: 13/13 MP: 1/1
   295 | D:1      | Reached XP level 2. HP: 14/18 MP: 2/2
   637 | D:1      | Reached XP level 3. HP: 23/23 MP: 3/3
  1206 | D:2      | Identified the +3 dagger "Worm" {vamp, *Noise Int+2 SInv}
  1319 | D:2      | You fall into a shaft and drop 1 floor!
  1368 | D:3      | Found Jykhlin's Distillery.
  1375 | D:3      | Bought a potion of curing for 42 gold pieces
  1377 | D:3      | Found Dovot's Antique Weapon Emporium.
  1385 | D:3      | Found Copseyg's Book Boutique.
  1479 | D:3      | Reached XP level 4. HP: 29/29 MP: 4/4
  1480 | D:3      | Noticed a scorpion
  1494 | D:3      | Killed a scorpion
  1495 | D:3      | Reached skill level 4 in Shapeshifting
  1495 | D:3      | Reached XP level 5. HP: 4/35 MP: 5/5
  1717 | D:2      | Noticed Natasha
  1724 | D:2      | Killed Natasha
  1930 | D:2      | Noticed Jessica
  1935 | D:2      | Killed Jessica
  2246 | D:2      | Reached XP level 6. HP: 41/41 MP: 6/6
  2620 | D:3      | Found Hoshocs's Weapon Shoppe.
  2651 | D:3      | Found a blossoming altar of Fedhas.
  3164 | D:4      | Noticed Robin
  3181 | D:4      | Killed Robin
  3334 | D:4      | Reached skill level 5 in Shapeshifting
  3428 | D:4      | Found a shimmering altar of Xom.
  3431 | D:4      | Found a shimmering blue altar of Sif Muna.
  3435 | D:4      | Found a shadowy altar of Dithmenos.
  3436 | D:4      | Found a radiant altar of Vehumet.
  3438 | D:4      | Found a sacrificial altar of Ru.
  3438 | D:4      | Found a burning altar of Makhleb.
  3439 | D:4      | Found a basalt altar of Yredelemnul.
  3470 | D:4      | Found an ornate altar of the Wu Jian Council.
  3473 | D:4      | Found an ancient bone altar of Kikubaaqudgha.
  3721 | D:4      | Noticed Dowan
  3723 | D:4      | Noticed Duvessa
  3736 | D:4      | Killed Duvessa
  3752 | D:4      | Killed Dowan
  3753 | D:4      | Reached XP level 7. HP: 36/46 MP: 7/7
  3924 | D:5      | Entered Level 5 of the Dungeon
  4280 | D:5      | Found a glowing golden altar of the Shining One.
  4280 | D:5      | Found a white marble altar of Elyvilon.
  4280 | D:5      | Found a glowing silver altar of Zin.
  4576 | D:5      | Reached skill level 5 in Unarmed Combat
  4576 | D:5      | Reached skill level 6 in Shapeshifting
  4731 | D:5      | Reached XP level 8. HP: 28/54 MP: 8/8
  5476 | D:6      | Reached skill level 7 in Shapeshifting
  5481 | D:6      | Reached skill level 5 in Fighting
  5861 | D:6      | Reached XP level 9. HP: 27/61 MP: 9/9
  6033 | D:6      | Reached skill level 8 in Shapeshifting
  6383 | D:6      | Found a runed translucent door.
  6385 | D:6      | Found a runed translucent door.
  6561 | D:6      | Found an iron altar of Okawaru.
  6561 | D:6      | Noticed Jeremiah
  6807 | D:6      | Killed Jeremiah
  6981 | D:7      | Found a staircase to the Ecumenical Temple.
  7276 | D:8      | Found an opulent altar of Gozag.
  7299 | D:8      | Found a hazy altar of Hepliaklqana.
  7388 | D:8      | Became a worshipper of Gozag Ym Sagoz the Greedy
  7669 | D:8      | Reached skill level 9 in Shapeshifting
  7755 | D:8      | Noticed a deep elf pyromancer
  7761 | D:8      | Killed a deep elf pyromancer
  7979 | D:8      | Reached XP level 10. HP: 29/69 MP: 10/10
  9137 | D:9      | Reached skill level 10 in Shapeshifting
  9564 | D:9      | Noticed Gastronok
  9598 | D:9      | Killed Gastronok
 10244 | D:10     | Entered Level 10 of the Dungeon
 10375 | D:10     | Found Ysoistat's General Store.
 10379 | D:10     | Bought a potion of might for 56 gold pieces
 10426 | D:10     | Noticed Grum
 10437 | D:10     | Killed Grum
 10441 | D:10     | Reached skill level 11 in Shapeshifting
 10637 | D:10     | Reached XP level 11. HP: 43/77 MP: 11/11
 10821 | D:10     | Found Qimagh's General Store.
 10870 | D:10     | Noticed Josephine
 10880 | D:10     | Killed Josephine
 11371 | D:10     | Found Ityxio's Jewellery Boutique.
 11385 | D:10     | Slain by a komodo dragon

Illustrated notes

Levels and vault maps discovered:
D:1:      dpeg_arrival_round_a, layout_basic, serial_rivers,
          chequers_serial_rivers_small_a, chequers_serial_rivers_small_a,
          chequers_serial_rivers_micro_e, chequers_serial_rivers_large_a,
          chequers_serial_rivers_small_a, minivault_4, serial_park_tiny_2
D:2:      layout_loops_corners, uniq_natasha, uniq_jessica
D:3:      layout_loops_ring, mainiacjoe_overflow_cross_hatched, serial_shops,
          shop, nicolae_diamond_shop, shop, nicolae_shop_waterfront
D:4:      layout_loops_ring, nicolae_overflow_hallway_of_the_gods,
          kennysheep_cross_room, small_statue_intersection, minmay_door_square,
          uniq_duvessa, uniq_robin
D:5:      layout_loops_ring, dreamdust_divine_triumvirate,
          chequers_serial_rivers_micro_d, lemuel_flamethrower_2
D:6:      lemuel_insect_pit, layout_gridville, okawaru_gym_becter, uniq_jeremiah
D:7:      layout_basic, minmay_temple_entry_from_below_a,
          serial_library_regret_index_headful
D:8:      layout_loops_corners, grunt_temple_overflow_open
D:9:      layout_long_grid, uniq_gastronok
D:10:     layout_long_grid, serial_shops, nicolae_take_the_stairs,
          nicolae_shop_hallway_stairs, nicolae_shop_peninsula,
          nicolae_guarded_unrand_lochaber, uniq_grum, uniq_josephine

Skill      XL: |  1  2  3  4  5  6  7  8  9 10 11 |
---------------+----------------------------------+-----
Fighting       | 2 3 4 5 6 8 |  8.7
Shapeshifting  | 4 5 6 7 9 11 | 11.6
Unarmed Combat | 4 5 6 7 8 9 |  9.2
Dodging        | |  2.0

Action                     |  1- 3 |  4- 6 |  7- 9 | 10-12 || total
---------------------------+-------+-------+-------+-------++-------
  Melee: Unarmed           |    54 |    92 |   206 |   204 ||   556
         Constrict         |    17 |    18 |    56 |    25 ||   116
         Tentacles         |    12 |    12 |    51 |    58 ||   133
         Punch             |     1 |     4 |    15 |    21 ||    41
  Evoke: Wand              |       |       |     4 |     9 ||    13
    Use: Scroll            |       |     1 |     1 |     8 ||    10
         Potion            |       |     1 |       |     3 ||     4
   Stab: Sleeping          |    11 |     7 |     3 |       ||    21
         Distracted        |       |       |     1 |     1 ||     2
 Armour: Skin              |    14 |    41 |    87 |   103 ||   245
  Dodge: Dodged            |    20 |    43 |    91 |    94 ||   248

Table legend: (Time is in decaauts)
 A = Elapsed time spent in this place.
 B = Non-inter-level travel time spent in this place.
 C = Inter-level travel time spent in this place.
 D = Time resting spent in this place.
 E = Time spent auto-exploring this place.
 F = Levels seen in this place.
 G = Mean time per level.
                   A        B        C        D        E       F      G
               +--------+--------+--------+--------+--------+-----+--------+
         Total |  11346 |  11056 |    290 |   1026 |   8278 |  10 | 1134.6 |
       Dungeon |  11346 |  11056 |    290 |   1026 |   8278 |  10 | 1134.6 |
               +--------+--------+--------+--------+--------+-----+--------+

Top non-repeatable levels by time:
     D:9: 2041 daAuts
     D:5: 1636 daAuts
     D:6: 1381 daAuts
     D:8: 1216 daAuts
     D:1: 1060 daAuts
     D:4: 1011 daAuts
     D:2: 963 daAuts
     D:3: 875 daAuts
    D:10: 862 daAuts
     D:7: 297 daAuts
